 Dungeon Crawl Stone Soup version 0.18-a0-1788-g92de1ac (webtiles) character file.

1 LernaeanJelly the Skirmisher (level 1, 0/16 HPs)
             Began as a Mummy Wanderer on Apr 19, 2016.
             Slain by a hobgoblin
             ... wielding a +0 club
              (2 damage)
             ... on level 1 of the Dungeon.
             The game lasted 00:00:52 (132 turns).

LernaeanJelly the Skirmisher (Mummy Wanderer)        Turns: 132, Time: 00:00:53

Health: 0/16       AC:  2    Str: 14    XL:     1   Next: 16%
Magic:  0/2        EV: 11    Int: 11    God:
Gold:   15         SH:  0    Dex: 12    Spells: 1 memorised, 1 level left

rFire  x . .     SeeInvis .     c - +0 mace
rCold  + . .     Gourm    .     d - +0 robe
rNeg   + + +     Faith    .     (no shield)
rPois  ∞         Spirit   .     (no helmet)
rElec  .         Dismiss  .     (no cloak)
rCorr  .         Reflect  .     (no gloves)
SustAt .         Harm     .     (no boots)
MR     .....                    (no amulet)
Stlth  ++........               (no ring)
                                (no ring)

@: very slightly contaminated, not resistant to hostile enchantments, unstealthy
A: no food or potions, fire vulnerability, cold resistance 1, negative energy
resistance 3, torment resistance, unbreathing
a: no special abilities


You were on level 1 of the Dungeon.
You were not hungry.

You visited 1 branch of the dungeon, and saw 1 of its levels.

You collected 15 gold pieces.

Inventory:

Hand Weapons
 c - a +0 mace (weapon)
Armour
 d - a +0 robe (worn)
Books
 a - a book of Minor Magic
 b - Ifui's Volume of Companions

   Spells                             Type                      Level
   a - Summon Small Mammal            Summoning                    1
   b - Recall                         Summoning/Translocation      3


   Skills:
 - Level 2.0 Fighting
 - Level 1.5 Maces & Flails
 - Level 1.0 Armour
 - Level 1.0 Stealth
   Level 1.0 Shields
 + Level 1.0 Spellcasting
 + Level 0.1 Conjurations
   Level 1.5 Poison Magic


You had one spell level left.
You knew the following spells:

 Your Spells              Type           Power        Failure   Level  Hunger
a - Magic Dart            Conj           #...         34%         1    N/A

Dungeon Overview and Level Annotations

Branches:
Dungeon (1/15)

Altars:


Innate Abilities, Weirdness & Mutations

You do not eat or drink.
Your flesh is vulnerable to fire.
You are immune to poison.
Your flesh is cold resistant.
You are immune to negative energy.
You are immune to unholy pain and torment.
You can survive without breathing.


Message History

Welcome, LernaeanJelly the Mummy Wanderer.
Will you prevail where others failed? Will you find the Orb of Zot?
Found 15 gold pieces, a leather armour and 40 stones.
Found an escape hatch in the floor.
Found a staircase leading out of the dungeon.
There are no items here.
Unknown command.
You now have 15 gold pieces.
Unknown command.
Memorise Magic Dart, consuming 1 spell level and leaving 1?
You start memorising the spell.
You continue memorising.
You finish memorising.
Spell assigned to 'a'.
A giant cockroach comes into view.
The giant cockroach moves out of view.
A giant cockroach is nearby!
Wear which item? (? for menu, Esc to quit)
Okay, then.
Wield which item (- for none, * to show all)? (? for menu, Esc to quit)
Okay, then.
Found 16 sling bullets and a silvery potion.
The giant cockroach bites you but does no damage.
You hit the giant cockroach. The giant cockroach bites you.
You take 1 damage, and have 15/16 hp.
You hit the giant cockroach. The giant cockroach bites you. x2
You take 3 damage, and have 12/16 hp.
You hit the giant cockroach.
You kill the giant cockroach!
You see here a giant cockroach corpse.
Unknown command.
You start resting.
You regained 2 hp, and now have 15/16 hp.
You start resting.
Health restored: 16 A hobgoblin comes into view.
It is wielding a club.
A hobgoblin is nearby!
A hobgoblin is nearby!
A hobgoblin is nearby!
A hobgoblin is nearby!
Unknown command.
Found 20 stones.
The hobgoblin shouts!
A dart slug comes into view.
You hit the hobgoblin but do no damage. The hobgoblin hits you with a club.
You take 4 damage, and have 12/16 hp.
MASSIVE DAMAGE!!
Aim: a hobgoblin, wielding a club The magic dart hits the hobgoblin.
The hobgoblin closely misses you.
You now have 1/2 mp.
Aim: a hobgoblin, wielding a club (moderately wounded)
You miscast Magic Dart.
You are very lightly contaminated with residual magic.
Your skin tingles.
The hobgoblin hits you with a club.
* * * LOW HITPOINT WARNING * * *
You take 1 damage, and have 11/16 hp.
You now have 0/2 mp.
You don't have enough magic to cast that spell.
You closely miss the hobgoblin. The hobgoblin hits you with a club.
* * * LOW HITPOINT WARNING * * *
You take 4 damage, and have 7/16 hp.
MASSIVE DAMAGE!!
Aim: a hobgoblin, wielding a club (lightly wounded)
The magic dart hits the hobgoblin.
The hobgoblin hits you but does no damage.
You now have 0/2 mp.
Unknown command.
You closely miss the hobgoblin. The hobgoblin hits you with a club.
* * * LOW HITPOINT WARNING * * *
You take 6 damage, and have 2/16 hp.
MASSIVE DAMAGE!!
You hit the hobgoblin. The hobgoblin completely misses you.
Unknown command.
You hit the hobgoblin. The hobgoblin hits you with a club.
You die...

############## ...........≈≈#
.....≈≈≈≈≈≈≈≈# ≈≈≈≈≈≈≈≈≈≈≈≈.##
########### ≈≈≈≈≈≈≈≈......##
#.........#
≈≈≈≈≈≈.........######.#.#.#.#.#
................@g.##.........#
......≈≈≈≈...#####....#.#.#.#..
.....≈≈≈≈≈≈≈≈# ###...........
..≈≈≈≈..≈≈≈≈≈# ##w#.#.#.#..
≈≈≈≈≈........# #..†.......
≈≈≈.[.........#######.#.#.#.#..
###............................
####.........................
#.##.....................


You could see a dart slug and a hobgoblin.

Vanquished Creatures
  A giant cockroach (D:1)
1 creature vanquished.

Notes
Turn   | Place    | Note
--------------------------------------------------------------
     0 | D:1      | LernaeanJelly the Mummy Wanderer began the quest for the Orb.
     0 | D:1      | LernaeanJelly set off with: a book of Minor Magic, Ifui's Volume of Companions, a +0 mace, a +0 robe
     0 | D:1      | Reached XP level 1. HP: 16/16 MP: 2/2
     3 | D:1      | Identified Ifui's Volume of Companions
     5 | D:1      | Learned a level 1 spell: Magic Dart
   130 | D:1      | HP: 2/16 [hobgoblin/club (6)]
   132 | D:1      | Slain by a hobgoblin

Vault maps used:
D:1:      dpeg_arrival_chase, serial_glass, glass_columns_a, glass_columns_a,
          glass_columns_a, glass_columns_a, glass_columns_a, glass_columns_a,
          glass_columns_b, glass_columns_c, minmay_strange_pillars,
          due_unseen_surprise, feat_on_display

Action                   || total
-------------------------++-------
Melee: Mace              ||     8
 Cast: Magic Dart        ||     2
Armor: Robe              ||     1
Dodge: Dodged            ||     2

Vault maps used:
D:1:      dpeg_arrival_chase, serial_glass, glass_columns_a, glass_columns_a,
          glass_columns_a, glass_columns_a, glass_columns_a, glass_columns_a,
          glass_columns_b, glass_columns_c, minmay_strange_pillars,
          due_unseen_surprise, feat_on_display

Table legend:
 A = Turns spent in this place as a percentage of turns spent in the entire game.
 B = Non-inter-level travel turns spent in this place as a percentage of non-inter-level travel turns spent in the entire game.
 C = Inter-level travel turns spent in this place as a percentage of turns spent in this place.
 D = Turns resting spent in this place as a percentage of non-inter-level travel turns spent in this place.
 E = Turns spent auto-exploring this place as a percentage of non-inter-level travel turns spent in this place.
 F = Non-inter-level travel turns spent in this place divided by the number of levels of this place that you've seen.
                   A       B       C       D       E      F
               +-------+-------+-------+-------+-------+----------------------
         Total | 100.0 | 100.0 |   0.0 |   5.6 |   5.6 |  72.0
       Dungeon | 100.0 | 100.0 |   0.0 |   5.6 |   5.6 |  72.0
               +-------+-------+-------+-------+-------+----------------------

Table legend:
 A = Kills in this place as a percentage of kills in entire the game.
 B = Kills by you in this place as a percentage of kills by you in the entire game.
 C = Kills by friends in this place as a percentage of kills by friends in the entire game.
 D = Other kills in this place as a percentage of other kills in the entire game.
 E = Experience gained in this place as a percentage of experience gained in the entire game.
 F = Experience gained in this place divided by the number of levels of this place that you have seen.
                   A       B       C       D       E      F
               +-------+-------+-------+-------+-------+----------------------
         Total | 100.0 | 100.0 |  -nan |  -nan | 100.0 |   2.0
       Dungeon | 100.0 | 100.0 |  -nan |  -nan | 100.0 |   2.0
               +-------+-------+-------+-------+-------+----------------------
